 Dungeon Crawl Stone Soup version 0.31-a0-217-g58bb5d79cf (webtiles) character file.

Game seed: 1776191408315432245

2676 erloom the Insei (level 9, -5/67 HPs)
             Began as a Pale Draconian Transmuter on July 2, 2023.
             Was a Priest of Okawaru.
             Slain by an ice beast (11 damage)
             ... on level 8 of the Dungeon.
             The game lasted 00:16:02 (8709 turns).

erloom the Insei (Pale Draconian Transmuter)        Turns: 8709, Time: 00:16:02

Health: -5/67      AC:  2    Str: 18    XL:     9   Next: 37%
Magic:  12/15      EV: 19    Int: 17    God:    Okawaru [***...]
Gold:   307        SH:  0    Dex: 18    Spells: 7/17 levels left

rFire   . .          .
                       - Unarmed
rCold   . . .        k - melded orb {mayhem}
rNeg    . . .        (body armour unavailable)
rPois   x            (helmet currently unavailable)
rElec   .            g - melded +0 cloak
rCorr   .            l - melded +0 pair of gloves
SInv    .            (boots currently unavailable)
Will    .....        (no amulet)
Stlth   ++           e - +6 ring of strength
HPRegen 0.31/turn    (no ring)
MPRegen 0.14/turn

%: no passive effects
@: spider-form, studying Polearms
A: venomous fangs, (breathe steam), AC +7, tiny, unfitting armour,
(cold-blooded), (steam resistance)
a: End Transformation, Renounce Religion, Heroism


You were on level 8 of the Dungeon.
You worshipped Okawaru.
Okawaru was most pleased with you.
You were a venomous arachnid creature.
You visited 2 branches of the dungeon, and saw 9 of its levels.

You collected 340 gold pieces.
You spent 33 gold pieces at shops.

Inventory:

Missiles
 h - a throwing net
 p - 5 javelins
Armour
 g - a +0 cloak (melded)
 k - an orb of mayhem (melded)
 l - a +0 pair of gloves (melded)
Magical Staves
 f - a staff of cold
Jewellery
 e - a +6 ring of strength (left front pincers)
 A - a ring of ice
Wands
 c - a wand of polymorph (8)
 u - a wand of paralysis (27)
 w - a wand of iceblast (13)
 D - a wand of light (11)
Scrolls
 b - a scroll of enchant armour
 n - a scroll of blinking {unknown}
 q - 3 scrolls of noise
 t - 5 scrolls of teleportation
 x - a scroll of summoning {unknown}
 y - a scroll of amnesia {unknown}
 C - a scroll of brand weapon {unknown}
Potions
 a - a potion of lignification
 d - 2 potions of brilliance
 i - a potion of resistance {unknown}
 j - a potion of enlightenment
 m - 4 potions of curing
 o - 3 potions of mutation
 r - a potion of haste {unknown}
 s - 2 potions of attraction
 v - a potion of ambrosia {unknown}
 z - 2 potions of cancellation {unknown}
 B - a potion of degeneration {unknown}


   Skills:
 - Level 2.0 Fighting
 - Level 2.0 Dodging
 - Level 1.0 Stealth
 - Level 7.0 Unarmed Combat
 + Level 4.6 Spellcasting
 + Level 6.5 Transmutations
 + Level 5.6 Ice Magic
 - Level 4.0 Poison Magic
 - Level 2.0 Invocations
 - Level 2.0 Evocations


You had 7 spell levels left.
You knew the following spells:

 Your Spells              Type           Power      Damage    Failure   Level
a - Beastly Appendage     Tmut           52%        N/A       5%          1
b - Wereblood             Tmut           26%        N/A       7%          2
c - Spider Form           Tmut/Pois      21%        N/A       16%         3
d - Ice Form              Ice/Tmut       24%        N/A       28%         4

Your spell library contained the following spells:

 Spells                   Type           Power      Damage    Failure   Level
 Cigotuvi's Dreadful Rot  Necr/Pois/Air  16%        N/A       30%         2
 Static Discharge         Conj/Air       6%         2-3/arc   43%         2
 Airstrike                Air            1%         2d(1-17)  94%         4
 Dispel Undead            Necr           3%         3d7       94%         4
 Summon Lightning Spire   Summ/Air       Unusable   N/A       N/A         4
 Death Channel            Necr           Unusable   N/A       N/A         6

Dungeon Overview and Level Annotations

Branches:
Dungeon (8/15)             Temple (1/1) D:4
   Lair: D:8-11

Altars:
Ashenzari
Cheibriados
Dithmenos
Elyvilon
Fedhas
Hepliaklqana
Kikubaaqudgha
Makhleb
Nemelex Xobeh
Okawaru
Qazlal
Ru
Sif Muna
Trog
Uskayaw
Vehumet
Xom
Yredelemnul
Zin
The Shining One

Shops:
D:2 !   D:7 [


Innate Abilities, Weirdness & Mutations

You are a venomous arachnid creature.
You have venomous fangs.
You are tiny and dextrous.
Your spellcasting is less reliable in this form.
Your armour is entirely melded.
You are incapable of wielding weapons or throwing items.
((You can breathe blasts of scalding, opaque steam.))
((Your pale cyan-grey scales are hard. (AC +7)))
You cannot fit into any form of body armour.
((You are cold-blooded and may be slowed by cold attacks.))
((You are immune to the effects of steam.))


Message History

The ice beast closely misses you.
You hit the ice beast.
The ice beast is moderately wounded.
The ice beast hits you. The ice beast freezes you!
You hit the ice beast.
The ice beast is heavily wounded.
The ice beast hits you. The ice beast freezes you.
* * * LOW HITPOINT WARNING * * *
You hit the ice beast but do no damage.
The ice beast is heavily wounded.
The ice beast barely misses you.
You bite the ice beast!
The ice beast is severely wounded.
The ice beast hits you.
* * * LOW HITPOINT WARNING * * *
The ice beast freezes you.
* * * LOW HITPOINT WARNING * * *
The ice beast attacks as you move away! The ice beast misses you.
Your transformation has ended.
Your +0 cloak unmelds from your body.
Your +0 pair of gloves unmelds from your body.
Your orb of mayhem unmelds from your body.
Casting: Spider Form (dangerous; 5% risk of failure)
Confirm with . or Enter, or press ? or * to list all spells.
You turn into a venomous arachnid creature.
Your +0 cloak melds into your body.
Your +0 pair of gloves melds into your body.
Your orb of mayhem melds into your body.
The ice beast closely misses you.
You hit the ice beast.
The ice beast is almost dead.
You completely miss the ice beast.
The ice beast is almost dead.
The ice beast barely misses you.
You barely miss the ice beast.
The ice beast is almost dead.
The ice beast hits you.
* * * LOW HITPOINT WARNING * * *
The ice beast freezes you!
You die...

### . ##.# .#
#..## ..# #...#
... ###.s.# ..###
#..Y..#...(.#
#.<..........
.................#
...............$##
.##.............#
##...........#..
..#..#...###.# .
...#..##### ..#


You could see an ice beast (poisoned).

Vanquished Creatures
  Eustachio (D:4)
  Menkaure (D:6)
  Duvessa (D:4)
  3 water moccasins
  A sky beast (D:6)
  A black bear (D:6)
  An orc warrior (D:7)
  2 ice beasts (D:7)
  An ogre (D:5)
  A centaur (D:6)
  A phantom (D:5)
  A kobold brigand (D:7)
  2 bullfrogs
  4 scorpions
  Dowan (D:4)
  2 hounds
  A jelly (D:6)
  Crazy Yiuf (D:2)
  A gnoll bouda (D:5)
  3 orc priests
  A sleepcap (D:7)
  5 iguanas
  7 orc wizards
  7 gnolls
  5 adders
  A white imp (D:5)
  An ufetubus (D:5)
  3 worms
  3 dart slugs
  32 orcs
  3 endoplasms
  4 giant cockroaches
  9 goblins
  13 hobgoblins
  7 quokkas
  7 ball pythons
  3 bats
  A frilled lizard (D:3)
  8 kobolds
  5 rats
155 creatures vanquished.

Vanquished Creatures (collateral kills)
  An orc (D:4)
  A bat (D:3)
  A giant cockroach (D:3)
  A ball python (D:3)
4 creatures vanquished.

Grand Total: 159 creatures vanquished

Notes
Turn   | Place    | Note
-------+----------+-------------------------------------------
     0 | D:1      | erloom the Draconian Transmuter began the quest for the
                  | Orb.
     0 | D:1      | Reached XP level 1. HP: 16/16 MP: 3/3
   170 | D:1      | Reached XP level 2. HP: 23/23 MP: 3/5
   757 | D:1      | Reached skill level 4 in Unarmed Combat
   773 | D:1      | Learned a level 2 spell: Wereblood
   920 | D:2      | Reached XP level 3. HP: 28/28 MP: 6/6
  1030 | D:2      | Found Heonas's Distillery.
  1064 | D:2      | Bought a potion of curing for 33 gold pieces
  1481 | D:2      | Found a runed translucent door.
  1482 | D:2      | Noticed Crazy Yiuf
  1987 | D:3      | Reached XP level 4. HP: 32/35 MP: 7/7
  2053 | D:3      | Reached skill level 5 in Unarmed Combat
  2063 | D:3      | Learned a level 3 spell: Spider Form
  2803 | D:4      | Found a broken altar of Ashenzari.
  2921 | D:4      | Reached skill level 1 in Poison Magic
  3012 | D:4      | Noticed Eustachio
  3080 | D:5      | Entered Level 5 of the Dungeon
  3080 | D:5      | Noticed a bullfrog
  3088 | D:5      | Killed a bullfrog
  3089 | D:5      | Reached XP level 5. HP: 13/40 MP: 6/9
  3256 | D:5      | Noticed a water moccasin
  3345 | D:4      | HP: 2/40 [quokka[Eustachio] (1)]
  3347 | D:4      | Killed Eustachio
  3348 | D:4      | Reached XP level 6. HP: 3/47 MP: 7/10
  3848 | D:4      | Found a staircase to the Ecumenical Temple.
  3881 | Temple   | Entered the Ecumenical Temple
  4101 | Temple   | Became a worshipper of Warmaster Okawaru
  4212 | D:4      | Noticed Dowan
  4225 | D:4      | Killed Dowan
  4244 | D:4      | Identified the +1 robe of the Vaults {+Blink rC- rN+}
  4344 | D:4      | Noticed Duvessa
  4361 | D:4      | Killed Duvessa
  4362 | D:4      | Reached skill level 5 in Transmutations
  4362 | D:4      | Your scales start taking on a pale cyan-grey colour.
  4362 | D:4      | Reached XP level 7. HP: 37/52 MP: 8/11
  4362 | D:4      | Gained mutation: You are immune to the effects of steam.
                  | [Pale Draconian growth]
  4724 | D:2      | Killed Crazy Yiuf
  4882 | D:5      | Learned a level 4 spell: Ice Form
  4923 | D:5      | Found a burning altar of Makhleb.
  4925 | D:5      | Found an ancient bone altar of Kikubaaqudgha.
  4960 | D:5      | Found a shimmering altar of Xom.
  5288 | D:5      | Reached * piety under Okawaru
  5417 | D:5      | Reached skill level 1 in Stealth
  5959 | D:6      | Reached XP level 8. HP: 59/61 MP: 14/14
  6025 | D:6      | Reached skill level 1 in Invocations
  6025 | D:6      | Reached skill level 1 in Evocations
  6079 | D:6      | Found a radiant altar of Vehumet.
  6389 | D:6      | Reached ** piety under Okawaru
  6390 | D:6      | Reached skill level 6 in Unarmed Combat
  6400 | D:6      | HP: 3/61 [orc priest/divine providence (10)]
  6650 | D:6      | Noticed Menkaure
  6662 | D:6      | Reached skill level 7 in Unarmed Combat
  6855 | D:6      | HP: 2/61 [Menkaure (14)]
  6858 | D:6      | Killed Menkaure
  7661 | D:7      | Reached XP level 9. HP: 63/67 MP: 10/15
  7795 | D:7      | Reached skill level 5 in Ice Magic
  7888 | D:7      | Paralysed by an orc for 5 turns
  7998 | D:7      | Found Sikandar's Dragon-Slaying Spoils.
  8109 | D:7      | Reached *** piety under Okawaru
  8709 | D:8      | Slain by an ice beast

Illustrated notes

Levels and vault maps discovered:
D:1:      shiori_arrival_elements, layout_basic,
          nicolae_concentric_dashed_squares_mild, feat_on_display
D:2:      layout_basic, serial_shops, nicolae_shop_waterfront,
          uniq_crazy_yiuf_cottage
D:3:      layout_loops_ring, nrook_campfire, nrook_mini_backslash
D:4:      layout_basic, nicolae_ashenzari_panopticon, minmay_temple_entry_mist,
          uniq_eustachio, uniq_duvessa
D:5:      layout_gridville, grunt_temple_overflow_open
D:6:      layout_basic, mainiacjoe_overflow_tiny_flanked, uniq_menkaure
D:7:      layout_loops_ring, serial_rivers, chequers_serial_rivers_micro_e,
          chequers_serial_rivers_small_b, chequers_serial_rivers_micro_b,
          chequers_serial_rivers_small_b, chequers_serial_rivers_micro_b,
          chequers_serial_rivers_room_b, chequers_arboretum,
          nicolae_shop_dragon_depot
D:8:      layout_cave_pools
Temple:   regret_index_temple_generic_petals

Skill      XL: |  1  2  3  4  5  6  7  8  9 |
---------------+----------------------------+-----
Unarmed Combat | 4 5 7 |  7.0
Poison Magic   | 1 2 3 4 |  4.0
Transmutations | 3 5 6 |  6.5
Spellcasting   | 3 4 |  4.6
Dodging        | 2 |  2.0
Stealth        | 1 |  1.0
Fighting       | 2 |  2.0
Invocations    | 2 |  2.0
Evocations     | 2 |  2.0
Ice Magic      | 4 5 |  5.6

Action                     |  1- 3 |  4- 6 |  7- 9 || total
---------------------------+-------+-------+-------++-------
  Melee: Unarmed           |   144 |   171 |   245 ||   560
         Tailslap          |    12 |    14 |    12 ||    38
         Kick              |     5 |    20 |    22 ||    47
         Headbutt          |     3 |    13 |     5 ||    21
         Punch             |     1 |       |       ||     1
   Cast: Beastly Appendage |     3 |    13 |    14 ||    30
         Wereblood         |     1 |     4 |     8 ||    13
         Spider Form       |       |     3 |    14 ||    17
Ability: Breathe Steam     |       |       |     4 ||     4
         End Transformatio |       |       |     2 ||     2
  Evoke: Wand              |       |     1 |       ||     1
    Use: Potion            |       |     1 |     3 ||     4
         Scroll            |       |       |     8 ||     8
   Stab: Sleeping          |     1 |     1 |     1 ||     3
         Paralysed         |       |     7 |       ||     7
 Armour: Skin              |    45 |   101 |    35 ||   181
  Dodge: Dodged            |    88 |   161 |   142 ||   391

Table legend: (Time is in decaauts)
 A = Elapsed time spent in this place.
 B = Non-inter-level travel time spent in this place.
 C = Inter-level travel time spent in this place.
 D = Time resting spent in this place.
 E = Time spent auto-exploring this place.
 F = Levels seen in this place.
 G = Mean time per level.
                   A        B        C        D        E       F      G
               +--------+--------+--------+--------+--------+-----+--------+
         Total |   8680 |   8037 |    643 |    682 |   5612 |   9 |  964.4 |
       Dungeon |   8421 |   7837 |    584 |    682 |   5419 |   8 | 1052.6 |
        Temple |    259 |    200 |     59 |      0 |    193 |   1 |  259.0 |
               +--------+--------+--------+--------+--------+-----+--------+

Top non-repeatable levels by time:
     D:5: 1564 daAuts
     D:6: 1364 daAuts
     D:2: 1298 daAuts
     D:4: 1281 daAuts
     D:7: 1050 daAuts
     D:3: 1004 daAuts
     D:1: 828 daAuts
  Temple: 259 daAuts
     D:8: 28 daAuts
